 Dungeon Crawl Stone Soup version 0.28.0-53-g5a82cb258f (webtiles) character file.

Game seed: 15581207079162694033

2143 KamiKatze the Cleaver (level 9, -10/52 HPs)
             Began as a Gargoyle Berserker on July 31, 2022.
             Was a Believer of Trog.
             Mangled by a wight
             ... wielding a +0 battleaxe
              (11 damage)
             ... on level 7 of the Dungeon on Aug 15, 2022.
             The game lasted 00:18:05 (5814 turns).

KamiKatze the Cleaver (Gargoyle Berserker)          Turns: 5814, Time: 00:18:06

Health: -10/52     AC: 21    Str: 25    XL:     9   Next: 30%
Magic:  9/9        EV:  7    Int:  8    God:    Trog [**....]
Gold:   176        SH:  0    Dex: 12    Spells: 8/8 levels left

rFire   . . .      SeeInvis .   a - +0 hand axe
rCold   + . .      Faith    .   (no shield)
rNeg    + . .      Spirit   .   z - +0 plate armour
rPois   ∞          Reflect  .   (no helmet)
rElec   +          Harm     .   D - +0 cloak
rCorr   .          Rampage  .   B - +1 pair of gloves of Wauk {rPois Dex+3}
Will    +....                   (no boots)
Stlth   ..........              F - amulet of regeneration
HPRegen 0.17/turn               C - ring of willpower
MPRegen 0.11/turn               v - ring of protection from cold

@: no status effects
A: sickness immunity, AC +6, negative energy resistance 1, electricity
resistance, torment resistance 1, petrification resistance
a: Renounce Religion, Berserk, Trog's Hand


You were on level 7 of the Dungeon.
You worshipped Trog.
Trog was pleased with you.
You visited 2 branches of the dungeon, and saw 8 of its levels.

You collected 261 gold pieces.
You spent 85 gold pieces at shops.

Inventory:

Hand Weapons
 a - a +0 hand axe (weapon)
 q - a +0 war axe
 w - a +0 morningstar
 A - a +0 dire flail
 G - a +0 war axe
Missiles
 b - 109 stones
 g - 18 poisoned darts (quivered)
 y - 4 throwing nets
Armour
 r - a +0 chain mail
 t - a +0 scale mail
 z - a +0 plate armour (worn)
 B - the +1 pair of gloves of Wauk (worn) {rPois Dex+3}
   (You found it on level 6 of the Dungeon)

   Dex:       It affects your dexterity (+3).
   rPois:     It protects you from poison.
 D - a +0 cloak (worn)
Jewellery
 f - a ring of positive energy
 v - a ring of protection from cold (right hand)
 C - a ring of willpower (left hand)
 F - an amulet of regeneration (around neck)
Wands
 m - a wand of digging (4)
Scrolls
 c - a scroll of fear
 h - 2 scrolls of teleportation {unknown}
 i - a scroll of magic mapping {unknown}
 j - a scroll of immolation {unknown}
 n - a scroll of fog {unknown}
 o - 2 scrolls of blinking {unknown}
 p - 2 scrolls of acquirement {unknown}
 s - a scroll of enchant weapon {unknown}
 x - a scroll of vulnerability {unknown}
 E - a scroll of torment {unknown}
Potions
 d - a potion of attraction {unknown}
 e - a potion of invisibility
 k - 2 potions of degeneration
 l - a potion of might {unknown}
 u - a potion of curing


   Skills:
 + Level 4.7 Fighting
 * Level 10.4 Axes
 + Level 3.8 Armour
 + Level 2.6 Dodging


You had 8 spell levels left.
You didn't know any spells.
Your spell library was empty.

Dungeon Overview and Level Annotations

Branches:
Dungeon (7/15)             Temple (1/1) D:4

Altars:
Ashenzari
Cheibriados
Dithmenos
Elyvilon
Fedhas
Gozag
Hepliaklqana
Kikubaaqudgha
Makhleb
Nemelex Xobeh
Okawaru
Ru
Sif Muna
Trog
Uskayaw
Vehumet
Wu Jian
Xom
Yredelemnul
The Shining One

Shops:
D:4 *

Annotations:
D:6 open door... kill
D:7 Joseph


Innate Abilities, Weirdness & Mutations

You are immune to sickness and miasma.
Your stone body is resilient. (AC +6)
You are immune to poison.
You resist negative energy. (rN+)
You are resistant to electric shocks. (rElec)
You are resistant to unholy torment.
You are immune to petrification.


Message History

* * * LOW HITPOINT WARNING * * *
You closely miss the bullfrog.
The bullfrog is lightly wounded.
The bullfrog hits you but does no damage.
You hit the bullfrog.
The bullfrog is moderately wounded.
The bullfrog hits you.
* * * LOW HITPOINT WARNING * * *
You slash the bullfrog! You punch the bullfrog.
The bullfrog is almost dead.
The bullfrog hits you.
* * * LOW HITPOINT WARNING * * *
The bullfrog hits you but does no damage.
You slash the bullfrog!
You kill the bullfrog!
Trog accepts your kill.
Things that are here:
a +0 war axe; a bullfrog corpse; an orc corpse Throw: 18 darts (poison)
Press: ? - help, Q - select action, (/) - cycle Shift-Dir - straight line, f - you
Okay, then.
G - a +0 war axe
Items here: ( )) [.
There is a stone staircase leading down here.
You climb downwards.
Level annotation: Joseph The centaur shouts!
The centaur shoots an arrow.
The arrow hits you!
* * * LOW HITPOINT WARNING * * *
The wight hits you with a +4 flail.
* * * LOW HITPOINT WARNING * * *
A wight comes into view. It is wielding a +0 short sword.
The wight hits you with a +4 flail.
* * * LOW HITPOINT WARNING * * *
There is a stone staircase leading up here.
The centaur unwields a +0 shortbow.
The centaur hits you but does no damage.
The centaur kicks you but does no damage.
The wight hits you with a +0 battleaxe!
You die...

...... ....# ##
....#..## .........
#.####. . ##..#.....
...#.. ... #.z.......
#.@..##
.....#zzc...z.. #.....
#......@(# .....#
......)Z)# .....#
.......$...
.....##...........>#..
..<>.....##.##...#.#
... ...T.....##
...###$ .. o........#
...# .# . ....##....
.... ## ....# ...


You could see a centaur, 4 wights and a wyvern skeleton.

Vanquished Creatures
  Prince Ribbit (D:6)
  A water moccasin (D:6)
  An orc warrior (D:6)
  2 sky beasts (D:6)
  A black bear (D:7)
  4 ogres
  2 necrophages (D:6)
  4 kobold brigands
  A bullfrog (D:6)
  A wight (D:6)
  A jelly (D:5)
  A bullfrog zombie (D:6)
  An orc priest (D:6)
  Crazy Yiuf (D:6)
  2 hounds
  A bullfrog skeleton (D:5)
  A centaur skeleton (D:5)
  An orc wizard (D:5)
  2 iguanas
  A killer bee zombie (D:6)
  A hound skeleton (D:5)
  A howler monkey zombie (D:6)
  8 gnolls
  5 adders
  A howler monkey skeleton (D:7)
  A shadow imp (D:6)
  3 ufetubi
  An adder skeleton (D:4)
  15 orcs
  2 ball pythons (D:4)
  4 endoplasms
  2 giant cockroaches
  2 goblins
  4 hobgoblins
  9 jackals
  4 bats
  3 frilled lizards
  15 kobolds
  5 rats
  A spectral goblin (D:1)
117 creatures vanquished.

Vanquished Creatures (others)
  11 plants (D:4)
11 creatures vanquished.

Grand Total: 128 creatures vanquished

Notes
Turn   | Place    | Note
-------+----------+-------------------------------------------
     0 | D:1      | KamiKatze the Gargoyle Berserker began the quest for the
                  | Orb.
     0 | D:1      | Reached XP level 1. HP: 14/14 MP: 1/1
   401 | D:1      | Reached XP level 2. HP: 19/19 MP: 2/2
   425 | D:1      | Found a faded altar of an unknown god.
  1311 | D:3      | Reached skill level 3 in Axes
  1314 | D:3      | Reached XP level 3. HP: 18/23 MP: 3/3
  1535 | D:3      | Reached ** piety under Trog
  1793 | D:4      | Noticed an ogre
  1799 | D:4      | Killed an ogre
  1800 | D:4      | Reached skill level 4 in Axes
  1800 | D:4      | Reached XP level 4. HP: 2/29 MP: 4/4
  1800 | D:4      | Reached XP level 5. HP: 3/33 MP: 5/5
  2263 | D:4      | Found a staircase to the Ecumenical Temple.
  2275 | Temple   | Entered the Ecumenical Temple
  2399 | D:4      | Found Jerido's Assorted Antiques.
  2404 | D:4      | Bought a fuming cyan potion for 27 gold pieces
  2404 | D:4      | Bought a sapphire potion for 27 gold pieces
  2404 | D:4      | Bought a scroll labelled BYB ANUSHREKAU for 31 gold pieces
  2729 | D:4      | Noticed a kobold brigand
  2748 | D:4      | Killed a kobold brigand
  2749 | D:4      | Reached skill level 5 in Axes
  2997 | D:5      | Entered Level 5 of the Dungeon
  3007 | D:5      | Reached XP level 6. HP: 28/38 MP: 6/6
  3233 | D:5      | Reached skill level 6 in Axes
  3498 | D:5      | Reached XP level 7. HP: 43/43 MP: 7/7
  3654 | D:5      | Reached skill level 7 in Axes
  4425 | D:6      | Reached skill level 8 in Axes
  4425 | D:6      | Reached XP level 8. HP: 44/48 MP: 8/8
  4742 | D:6      | Reached skill level 9 in Axes
  4749 | D:6      | Identified the +1 pair of gloves of Wauk {rPois Dex+3}
  4832 | D:6      | Found an ornate altar of the Wu Jian Council.
  4981 | D:6      | Noticed Prince Ribbit
  4994 | D:6      | Killed Prince Ribbit
  5066 | D:6      | Reached skill level 10 in Axes
  5066 | D:6      | Reached XP level 9. HP: 33/52 MP: 9/9
  5302 | D:6      | Found a runed translucent door.
  5303 | D:6      | Noticed Crazy Yiuf
  5378 | D:6      | Killed Crazy Yiuf
  5559 | D:7      | Found a shadowy altar of Dithmenos.
  5656 | D:7      | Noticed Joseph
  5656 | D:7      | Noticed a troll
  5813 | D:7      | HP: 1/52 [wight/+4 flail (5)]
  5814 | D:7      | Mangled by a wight

Illustrated notes

Levels and vault maps discovered:
D:1:      dpeg_arrival_shelter, layout_rooms,
          dreamdust_ecumenical_altar_drowned_temple, amethyst_killhole
D:2:      layout_rooms, nrook_uturn, hangedman_decor_clover_reticule
D:3:      layout_basic, kennysheep_cluttered_room
D:4:      layout_loops_corners, minmay_temple_entry_antechambers, serial_shops,
          nicolae_shop_hallway_stairs, lexackson_kobold_supper
D:5:      layout_rooms
D:6:      layout_loops_ring, nicolae_wu_jian_glorious_leap,
          uniq_crazy_yiuf_cottage, uniq_prince_ribbit1
D:7:      layout_cave_pools, grunt_dithmenos_smoke, zin_academy, uniq_joseph
Temple:   nicolae_temple_no_exploring_needed

Skill      XL: |  1  2  3  4  5  6  7  8 |
---------------+-------------------------+-----
Axes           | 3 4 5 6 8 10 | 10.4
Dodging        | 2 |  2.6
Fighting       | 4 |  4.7
Armour         | 3 |  3.8

Action                   |  1- 3 |  4- 6 |  7- 9 || total
-------------------------+-------+-------+-------++-------
Melee: Hand axe          |    87 |   126 |   239 ||   452
       War axe           |       |       |     4 ||     4
       Punch             |       |       |     2 ||     2
Invok: Berserk           |     2 |     5 |    10 ||    17
  Use: Scroll            |       |     3 |     1 ||     4
Armor: Animal skin       |     6 |       |       ||     6
       Leather armour    |    17 |       |       ||    17
       Ring mail         |    15 |       |       ||    15
       Scale mail        |       |    64 |    30 ||    94
       Plate armour      |       |       |   118 ||   118
Dodge: Dodged            |    38 |    59 |    84 ||   181
